 Dungeon Crawl Stone Soup version 0.31-a0-163-gb40cd77e26 (webtiles) character file.

Game seed: 6210591824998386617

22 qw the Shooter (level 2, 0/17 HPs)
             Began as a Gargoyle Hunter on June 13, 2023.
             Slain by a worm (7 damage)
             ... on level 2 of the Dungeon.
             The game lasted 00:00:23 (1004 turns).

qw the Shooter (Gargoyle Hunter)                    Turns: 1004, Time: 00:00:24

Health: 0/17       AC:  7    Str: 14    XL:     2   Next: 91%
Magic:  2/2        EV: 10    Int:  9    God:
Gold:   78         SH:  0    Dex: 13    Spells: 1/1 levels left

rFire   . . .        Y - +0 shortbow
rCold   . . .        (shield currently unavailable)
rNeg    + . .        e - +0 ring mail
rPois   inf          (no helmet)
rElec   +            (no cloak)
rCorr   .            (no gloves)
SInv    .            (no boots)
Will    .....        (no amulet)
Stlth   +            (no ring)
HPRegen 0.22/turn    (no ring)
MPRegen 0.08/turn

%: no passive effects
@: no status effects
A: sickness immunity, AC +2, negative energy resistance 1, electricity
resistance, torment resistance 1, petrification resistance
a: no special abilities


You were on level 2 of the Dungeon.
You visited 1 branch of the dungeon, and saw 2 of its levels.

You collected 78 gold pieces.


Innate Abilities, Weirdness & Mutations

You are immune to sickness and miasma.
Your stone body is resilient. (AC +2)
You are immune to poison.
You resist negative energy. (rN+)
You are resistant to electric shocks. (rElec)
You are resistant to unholy torment.
You are immune to petrification.


   Skills:
 - Level 2.1 Fighting
 - Level 4.8 Ranged Weapons
 + Level 0.2 Armour
 - Level 1.5 Dodging
 - Level 1.1 Stealth


You had one spell level left.
You didn't know any spells.
Your spell library was empty.

Inventory:

Hand Weapons
 Y - a +0 shortbow (weapon)
Armour
 e - a +0 ring mail (worn)
Potions
 g - a potion of mutation {unknown}

Dungeon Overview and Level Annotations

Branches:
Dungeon (2/15)

Altars:

Shops:
D:1 :

Annotations:
D:2 Sigmund


Message History

Done exploring.
(D) Dungeon
Where to? (* - list waypoints, Enter - D:2, ? - help)
What level of the Dungeon? (default 1, ? - help)
There is a stone staircase leading down here.
You climb downwards.
Level annotation: Sigmund The ball python hisses angrily.
There is a stone staircase leading up here.
A ball python is nearby!
You shoot an arrow. The arrow hits the ball python.
You kill the ball python!
A worm and a bat come into view.
Found a chain mail.
You shoot an arrow. The arrow hits the worm.
The worm is moderately wounded.
You shoot an arrow. The arrow hits the worm.
The worm is moderately wounded.
You shoot an arrow. The arrow barely misses the worm.
The worm bites you.
You shoot an arrow.
The arrow hits the worm but does no damage.
The worm is moderately wounded.
You shoot an arrow. The arrow barely misses the worm.
The worm bites you.
You shoot an arrow.
The arrow hits the worm but does no damage.
The worm is lightly wounded.
The worm bites you but does no damage.
You shoot an arrow. The arrow hits the worm.
The worm is moderately wounded.
The worm bites you.
You shoot an arrow. The arrow completely misses the worm.
You shoot an arrow. The arrow hits the worm.
The worm is moderately wounded.
The worm bites you but does no damage.
You shoot an arrow. The arrow hits the worm.
The worm is moderately wounded.
The worm bites you!
You die...

.# .# #.# ..
##.###
#########
#....
....[bw.#
#..# #@# #<.#
#.###..#####.
#............
#####..######
#.....
#.......
########


You could see a worm and a bat.

Vanquished Creatures
  4 bats (D:1)
  A giant cockroach (D:1)
  A goblin (D:1)
  3 hobgoblins (D:1)
  A quokka (D:1)
  8 ball pythons
  A rat (D:1)
19 creatures vanquished.

Notes
Turn   | Place    | Note
-------+----------+-------------------------------------------
     0 | D:1      | qw the Gargoyle Hunter began the quest for the Orb.
     0 | D:1      | Reached XP level 1. HP: 12/12 MP: 1/1
     0 | D:1      | 0 ||| qw: Version: 0.2-a-29-gc1b59c4
     0 | D:1      | 0 ||| qw: Game counter: 4440
     0 | D:1      | 0 ||| qw: Always use a shield: true
     0 | D:1      | 0 ||| qw: God list: Okawaru
     0 | D:1      | 0 ||| qw: Allow faded altars: false
     0 | D:1      | 0 ||| qw: Do Orc after D:15 true
     0 | D:1      | 0 ||| qw: Do second Lair branch before Depths: true
     0 | D:1      | 0 ||| qw: Lair rune preference: random
     0 | D:1      | 0 ||| qw: Plans: Normal, Zot:1-4, Slime:5, God:TSO, Crypt,
                  | Tomb, Abyss, Pan, Hells, Win
     0 | D:1      | 0 ||| PLANNING D:1-11
    34 | D:1      | Found Ygucurch's Book Shop.
    86 | D:1      | Reached XP level 2. HP: 11/17 MP: 2/2
   710 | D:1      | 710 ||| UPGRADING to +0 ring mail.
   720 | D:1      | 720 ||| DROPPING +0 leather armour.
   721 | D:1      | 721 ||| READING scroll labelled WOZATZ MUTAWIX.
   734 | D:1      | 734 ||| READING scroll labelled XILI WODWICIRU.
   738 | D:1      | 738 ||| DROPPING scroll of butterflies.
   754 | D:2      | Noticed Sigmund
   761 | D:2      | 761 ||| STAIRDANCE
   808 | D:2      | 808 ||| STAIRDANCE
   842 | D:2      | 842 ||| STAIRDANCE
   879 | D:2      | 879 ||| STAIRDANCE
   899 | D:2      | 899 ||| STAIRDANCE
   919 | D:2      | 919 ||| STAIRDANCE
  1004 | D:2      | Slain by a worm

Levels and vault maps discovered:
D:1:      nicolae_arrival_memento_mori, layout_basic, serial_shops,
          nicolae_shop_gibbet_a_chance, minmay_shallow_snake_nest
D:2:      layout_loops_ring, uniq_sigmund

Action                     || total
---------------------------++-------
   Fire: Shortbow          ||    91
    Use: Scroll            ||     2
 Armour: Leather armour    ||    21
         Ring mail         ||     3
  Dodge: Dodged            ||    28

Table legend:
 A = Non-vault XP
 B = Vault XP
 C = Vault XP percentage of total XP
 D = Non-vault monster count
 E = Vault monster count
 F = Vault count percentage of total count
                 A         B        C        D         E       F
            +---------+---------+-------+---------+---------+-------
      Total |      26 |       6 |  18.8 |      15 |       4 |  21.1
            +---------+---------+-------+---------+---------+-------
        D:1 |      24 |       6 |  20.0 |      14 |       4 |  22.2
        D:2 |       2 |       0 |   0.0 |       1 |       0 |   0.0
            +---------+---------+-------+---------+---------+-------
